Map: New Repugnancy LE

Players

zorzenirB - Winner!

  • Race: Protoss Protoss
  • League: Silver
  • Spawn Location: 1:00

ArKAngeL

  • Race: Zerg Zerg
  • League: Gold
  • Spawn Location: 7:00

VOD

Have the link to the VOD?

Description

don't mind the execution or the defense, the idea is the probe split at the start of the probius...

Time

  • Played on: June 19, 2019, 6:58 p.m.
  • Length: 2:50
Show
View Real Time Build Order
Export as new Build Order

zorzenirB Protoss - Winner!

Build Orders:  

Get SALT Encoding   

  1  0:00  Probe  
  12  0:05  Probe  
  14  0:15  Probe  
  15  0:24  Pylon  
  15  0:38  Assimilator  
  15  0:53  Probe  
  16  1:24  Probe  
  17  2:00  Probe  
  18  2:16  Probe  
  10  2:35  Probe  
Show
View Real Time Build Order
Export as new Build Order

ArKAngeL Zerg 

Build Orders: Hatch First 

Get SALT Encoding   

  12  0:01  Drone  
  13  0:09  Drone  
  13  0:13  Extractor  
  13  0:16  Drone  
  15  0:42  Hatchery  
  14  0:57  Spawning Pool  
  14  1:00  Extractor  
  14  1:03  Overlord  
  12  1:11  Drone x2  
  14  1:25  Drone x2  
  10  1:56  Zergling x6  
Tags
 
Add a new tag
Caveats
  • Supply blocks, unpowered buildings, or Contaminate may cause inaccurate times.
  • Supply counts are checked every 10 seconds.